 Dungeon Crawl Stone Soup version 0.29-a0-322-g68df515428 (webtiles) character file.

Game seed: 7128154783447038556

28 GigaChad the Skirmisher (level 2, -1/27 HPs)
             Began as a Draconian Chaos Knight on Apr 7, 2022.
             Was a Plaything of Xom.
             Killed from afar by Natasha (8 damage)
             ... with a magic dart
             ... on level 2 of the Dungeon.
             The game lasted 00:03:22 (964 turns).

GigaChad the Skirmisher (Draconian Chaos Knight)     Turns: 964, Time: 00:03:38

Health: -1/27      AC:  4    Str: 14    XL:     2   Next: 96%
Magic:  2/2        EV: 12    Int: 12    God:    Xom [.*....]
Gold:   56         SH:  0    Dex: 10    Spells: 1/1 levels left

rFire   . . .      SeeInvis .   a - +0 falchion (chaos)
rCold   . . .      Faith    .   (no shield)
rNeg    . . .      Spirit   .   (body armour unavailable)
rPois   .          Reflect  .   (helmet restricted)
rElec   .          Harm     .   (no cloak)
rCorr   .          Rampage  .   (no gloves)
Will    .....                   (no boots)
Stlth   +.........              (no amulet)
HPRegen 0.09/turn               (no ring)
MPRegen 0.08/turn               (no ring)

@: flying, slowed, very slow
A: AC +4, unfitting armour, cold-blooded, big wings
a: Renounce Religion


You were on level 2 of the Dungeon.
You worshipped Xom.
You were a plaything of Xom.
You visited 1 branch of the dungeon, and saw 2 of its levels.

You collected 56 gold pieces.

Inventory:

Hand Weapons
 a - a +0 falchion of chaos (weapon)
 f - a +2 falchion of holy wrath
Missiles
 e - 2 poisoned darts
Scrolls
 c - a scroll of identify {unknown}
 d - a scroll of silence {unknown}
Potions
 g - a potion of curing {unknown}
Miscellaneous
 b - a piece from Xom's chessboard (15/15) (quivered)


   Skills:
 + Level 3.7 Fighting
 + Level 3.4 Long Blades
 + Level 2.5 Dodging


You had one spell level left.
You didn't know any spells.
Your spell library contained the following spells:

 Spells                   Type           Power      Damage    Failure   Level
 Slow                     Hex            0%         N/A       32%         1
 Confusing Touch          Hex            0%         N/A       69%         3
 Vampiric Draining        Necr           0%         2d6       69%         3


Dungeon Overview and Level Annotations

Branches:
Dungeon (2/15)

Altars:
Xom

Annotations:
D:2 Natasha


Innate Abilities, Weirdness & Mutations

Your plain brown scales are hard. (AC +4)
You cannot fit into any form of body armour.
You are cold-blooded and may be slowed by cold attacks.
Your large and strong wings let you fly.


Message History

Found a scroll labelled CANOJA RUOMN.
Found 2 pink potions.
Natasha hisses angrily.
Natasha stares at you and mumbles some strange words.
The magic dart hits you!
Unknown command.
You hit the quokka.
The quokka is poisoned.
Your tail-slap misses the quokka.
The quokka is heavily wounded.
The quokka barely misses you.
You slash the quokka!
You kill the quokka!
Natasha drinks a potion.
Natasha's spells are empowered!
You see here a quokka corpse.
Natasha casts a spell at you.
You struggle to resist.
Natasha casts a spell at you. The magic dart hits you!
You see here a quokka corpse.
Natasha claws you.
* * * LOW HITPOINT WARNING * * *
You hit Natasha but do no damage.
Natasha extends her claws.
Natasha completely misses you.
You hit Natasha.
Natasha is poisoned.
Your tail-slap misses Natasha.
Natasha is lightly wounded.
Natasha casts a spell at you.
You feel yourself slow down.
You hit Natasha but do no damage.
Your tail-slap misses Natasha.
Natasha is lightly wounded.
Natasha casts a spell at you. The magic dart hits you.
* * * LOW HITPOINT WARNING * * *
Natasha barely misses you.
You miss Natasha.
You tail-slap Natasha, but do no damage.
Natasha is lightly wounded.
Natasha stares at you and mumbles some strange words.
The magic dart hits you!
You die...
Xom cackles wildly!

##.......!.#
#........?.#.
#............
#..........#
#..........#
#####...........
#....#.!h....### .
#.......@..)...###
..
#........†........
..#.......$.......##
#...............##
#.................#
#...............#..
#....<..<..........
#..................
#..###.........#..#


You could see Natasha (empowered, poisoned).

Vanquished Creatures
  2 ball pythons (D:1)
  3 bats (D:1)
  An endoplasm (D:1)
  A goblin (D:1)
  7 hobgoblins (D:1)
  3 jackals (D:1)
  A quokka (D:2)
  3 frilled lizards (D:1)
  A kobold (D:1)
  A rat (D:1)
23 creatures vanquished.

Notes
Turn   | Place    | Note
-------+----------+-------------------------------------------
     0 | D:1      | GigaChad the Draconian Chaos Knight began the quest for the
                  | Orb.
     0 | D:1      | Reached XP level 1. HP: 19/19 MP: 1/1
    22 | D:1      | XOM: potion effect (invisibility)
   230 | D:1      | Reached XP level 2. HP: 24/26 MP: 2/2
   261 | D:1      | XOM: silly message
   297 | D:1      | XOM: 1-stop teleportation journey
   497 | D:1      | XOM: 3-stop teleportation journey
   797 | D:1      | XOM: scenery: create altars
   949 | D:2      | XOM: give mutation
   949 | D:2      | Gained mutation: Your large and strong wings let you fly.
                  | [Xom's grace]
   951 | D:2      | Noticed Natasha
   964 | D:2      | Killed from afar by Natasha

Illustrated notes

Levels and vault maps discovered:
D:1:      eino_arrival_druids_welcome, layout_basic
D:2:      layout_rooms, basic_ecumenical_altar, corexii_hall_statues_deadend,
          uniq_natasha, uniq_crazy_yiuf_cottage, uniq_jessica

Action                   || total
-------------------------++-------
Melee: Falchion          ||    68
       Tailslap          ||     5
Armor: Skin              ||    46
Dodge: Dodged            ||    82

Table legend: (Time is in decaauts)
 A = Elapsed time spent in this place.
 B = Non-inter-level travel time spent in this place.
 C = Inter-level travel time spent in this place.
 D = Time resting spent in this place.
 E = Time spent auto-exploring this place.
 F = Levels seen in this place.
 G = Mean time per level.
                   A        B        C        D        E       F      G
               +--------+--------+--------+--------+--------+-----+--------+
         Total |    974 |    974 |      0 |    225 |    243 |   2 |  487.0 |
       Dungeon |    974 |    974 |      0 |    225 |    243 |   2 |  487.0 |
               +--------+--------+--------+--------+--------+-----+--------+

Top non-repeatable levels by time:
     D:1: 951 daAuts
     D:2: 22 daAuts
